PBL
MIAMI BEACH MARLINS @ KELOWNA HEAT
09/27/2046
 
TOP OF THE 1ST
Miami Beach Marlins batting - Pitching for Kelowna Heat : LHP Matt DeGrado
Pitching: LHP Matt DeGrado
Batting: RHB Rafael Irizarry 0-0: Ball
1-0: Ball
2-0: Foul Ball, location: 2F
2-1: Swinging Strike
2-2: Ball
3-2: Base on Balls
Batting: RHB Terrell Smith 0-0: Called Strike
0-1: Ball
Rafael Irizarry steals 2nd base
1-1: Called Strike
1-2: Ball
2-2: Ball
3-2: Base on Balls
Batting: RHB Alberto Bravo 0-0: Foul Ball, location: 2F
0-1: Swinging Strike
0-2: Ball
Passed Ball!
Rafael Irizarry to third
Terrell Smith to second
1-2: Strikes out looking
Batting: RHB Scott Talbot 0-0: Called Strike
0-1: Called Strike
0-2: Ball
1-2: Strikes out swinging
Batting: RHB Reomel Somera 0-0: Ball
1-0: Foul Ball, location: 2F
1-1: Ball
2-1: Ball
3-1: Base on Balls
Batting: RHB Jordan Arcidez 0-0: Ball
1-0: Called Strike
1-1: Swinging Strike
1-2: Foul Ball, location: 2F
1-2: Ball
2-2: Foul Ball, location: 2F
2-2: GRAND SLAM HOME RUN (Flyball, 7D, EV 99.4 MPH), Distance : 385 ft
Batting: RHB Mario Cota 0-0: Ball
1-0: Ball
2-0: Ball
3-0: Called Strike
3-1: Swinging Strike
3-2: Strikes out looking
Top of the 1st over - 4 runs, 1 hit, 0 errors, 0 left on base; Miami Beach 4 - Kelowna 0
BOTTOM OF THE 1ST
Kelowna Heat batting - Pitching for Miami Beach Marlins : RHP Carlos Guerrero
Pitching: RHP Carlos Guerrero
Batting: RHB Ryan Roberts 0-0: Foul Ball, location: 2F
0-1: Ball
1-1: Ball
2-1: Swinging Strike
2-2: Strikes out swinging
Batting: RHB Tony Harper 0-0: Ball
1-0: Ground out 5-3 (Groundball, 56, EV 86.2 MPH)
Batting: LHB Chris West 0-0: Ball
1-0: Swinging Strike
1-1: Ball
2-1: Called Strike
2-2: Ball
3-2: Fly out, F8 (Line Drive, 89M, EV 98.1 MPH)
Bottom of the 1st over - 0 runs, 0 hits, 0 errors, 0 left on base; Miami Beach 4 - Kelowna 0
TOP OF THE 2ND
Miami Beach Marlins batting - Pitching for Kelowna Heat : LHP Matt DeGrado
Batting: RHB Manny Gonzalez 0-0: Foul Ball, location: 2F
0-1: Foul Ball, location: 2F
0-2: Ground out 5-3 (Groundball, 56, EV 83.1 MPH)
Batting: RHB Melvin Nava 0-0: Ball
1-0: Called Strike
1-1: Ball
2-1: Hit by Pitch
Batting: RHB Rafael Irizarry 0-0: Called Strike
0-1: Foul Ball, location: 2F
0-2: Foul Ball, location: 2F
0-2: Ball
1-2: Strikes out swinging
Batting: RHB Terrell Smith 0-0: Called Strike
0-1: Ball
1-1: 2-RUN HOME RUN (Flyball, 7D, EV 95.6 MPH), Distance : 374 ft
Batting: RHB Alberto Bravo 0-0: SOLO HOME RUN (Flyball, 7D, EV 96.9 MPH), Distance : 378 ft
Batting: RHB Scott Talbot 0-0: Ball
1-0: Ball
2-0: Ball
3-0: Base on Balls
Batting: RHB Reomel Somera 0-0: Fly out, F8 (Flyball, 8LS, EV 95.6 MPH)
Top of the 2nd over - 3 runs, 2 hits, 0 errors, 1 left on base; Miami Beach 7 - Kelowna 0
BOTTOM OF THE 2ND
Kelowna Heat batting - Pitching for Miami Beach Marlins : RHP Carlos Guerrero
Batting: RHB Coen Dirks 0-0: Ball
1-0: Swinging Strike
1-1: Ball
2-1: DOUBLE (Flyball, 8LXD, EV 95.0 MPH)
Batting: LHB Alex Larangho 0-0: Called Strike
0-1: Ball
1-1: Ball
2-1: 2-RUN HOME RUN (Flyball, 9D, EV 95.6 MPH), Distance : 371 ft
Batting: LHB Mike Roberts 0-0: Swinging Strike
0-1: Swinging Strike
0-2: Strikes out looking
Batting: RHB Vinny Torres 0-0: Called Strike
0-1: Foul Ball, location: 2F
0-2: Ball
1-2: Foul Ball, location: 2F
1-2: Ball
2-2: Ball
3-2: Ground out 6-3 (Groundball, 6S, EV 72.5 MPH)
Batting: RHB Malik Sharpless 0-0: Foul Ball, location: 2F
0-1: Ball
1-1: Ball
2-1: Swinging Strike
2-2: Foul Ball, location: 2F
2-2: Fly out, F5 (Popup, 5S, EV 70.6 MPH)
Bottom of the 2nd over - 2 runs, 2 hits, 0 errors, 0 left on base; Miami Beach 7 - Kelowna 2
TOP OF THE 3RD
Miami Beach Marlins batting - Pitching for Kelowna Heat : LHP Matt DeGrado
Batting: RHB Jordan Arcidez 0-0: Foul Ball, location: 2F
0-1: Ball
1-1: Ball
2-1: Ball
3-1: Foul Ball, location: 2F
3-2: Strikes out swinging
Batting: RHB Mario Cota 0-0: Foul Ball, location: 2F
0-1: Foul Ball, location: 2F
0-2: Foul Ball, location: 2F
0-2: SOLO HOME RUN (Flyball, 7LD, EV 93.8 MPH), Distance : 356 ft
Pitching: RHP Jaime Rios
Batting: RHB Manny Gonzalez 0-0: Ball
1-0: Ball
2-0: Called Strike
2-1: Called Strike
2-2: Ball
3-2: Fly out, F8 (Line Drive, 8LM, EV 97.5 MPH)
Batting: RHB Melvin Nava 0-0: Ball
1-0: Ball
2-0: Ball
3-0: Called Strike
3-1: Ground out 4-3 (Groundball, 4, EV 105.0 MPH)
Top of the 3rd over - 1 run, 1 hit, 0 errors, 0 left on base; Miami Beach 8 - Kelowna 2
BOTTOM OF THE 3RD
Kelowna Heat batting - Pitching for Miami Beach Marlins : RHP Carlos Guerrero
Batting: RHB Zach Maguire 0-0: Hit by Pitch
Batting: RHB Ryan Roberts 0-0: Called Strike
0-1: Ball
1-1: Ball
2-1: SINGLE (Groundball, 6D, EV 101.9 MPH)
Zach Maguire to second
Runner from 2nd tries for 3rd, SAFE, throw by CF made to third
Batting: RHB Tony Harper 0-0: Ball
1-0: Fly out, F4 (Flyball, 4MD, EV 88.1 MPH)
Batting: LHB Chris West 0-0: Called Strike
0-1: Called Strike
0-2: Ball
1-2: Ball
2-2: Strikes out swinging
Batting: RHB Coen Dirks 0-0: Fly out, F8 (Flyball, 78M, EV 73.1 MPH)
Bottom of the 3rd over - 0 runs, 1 hit, 0 errors, 2 left on base; Miami Beach 8 - Kelowna 2
TOP OF THE 4TH
Miami Beach Marlins batting - Pitching for Kelowna Heat : RHP Jaime Rios
Batting: RHB Rafael Irizarry 0-0: Fly out, F9 (Flyball, 9, EV 90.0 MPH)
Batting: RHB Terrell Smith 0-0: Foul Ball, location: 2F
0-1: Ball
1-1: Ball
2-1: Foul Ball, location: 2F
2-2: Ball
3-2: Strikes out swinging
Batting: RHB Alberto Bravo 0-0: Called Strike
0-1: Ball
1-1: SINGLE (Groundball, 6S, EV 66.2 MPH) (infield hit)
Batting: RHB Scott Talbot 0-0: Called Strike
0-1: Ball
1-1: Called Strike
1-2: Fly out, F5 (Line Drive, 5L, EV 65.6 MPH)
Top of the 4th over - 0 runs, 1 hit, 0 errors, 1 left on base; Miami Beach 8 - Kelowna 2
BOTTOM OF THE 4TH
Kelowna Heat batting - Pitching for Miami Beach Marlins : RHP Carlos Guerrero
Batting: LHB Alex Larangho 0-0: Called Strike
0-1: Ball
1-1: Foul Ball, location: 2F
1-2: Foul Ball, location: 2F
1-2: Strikes out looking
Batting: LHB Mike Roberts 0-0: Called Strike
0-1: Ball
1-1: Called Strike
1-2: Foul Ball, location: 2F
1-2: Ball
2-2: Ball
3-2: Foul Ball, location: 2F
3-2: Foul Ball, location: 2F
3-2: Fly out, F7 (Flyball, 7D, EV 103.8 MPH)
Batting: RHB Vinny Torres 0-0: Ball
1-0: Called Strike
1-1: Called Strike
1-2: Foul Ball, location: 2F
1-2: Strikes out looking
Bottom of the 4th over - 0 runs, 0 hits, 0 errors, 0 left on base; Miami Beach 8 - Kelowna 2
TOP OF THE 5TH
Miami Beach Marlins batting - Pitching for Kelowna Heat : RHP Jaime Rios
Batting: RHB Reomel Somera 0-0: Foul Ball, location: 2F
0-1: Called Strike
0-2: Strikes out swinging
Batting: RHB Jordan Arcidez 0-0: Called Strike
0-1: Ball
1-1: Called Strike
1-2: Foul Ball, location: 2F
1-2: TRIPLE (Flyball, 78XD, EV 99.4 MPH)
Batting: RHB Mario Cota 0-0: Ball
1-0: Ball
2-0: Fly out, F8 (Line Drive, 8LS, EV 101.2 MPH)
Runner from 3rd tags up, SCORES, throw by CF
Batting: RHB Manny Gonzalez 0-0: Foul Ball, location: 2F
0-1: Called Strike
0-2: Ball
1-2: Ball
2-2: Ball
3-2: Foul Ball, location: 2F
3-2: Foul Ball, location: 2F
3-2: Ground out 6-3 (Groundball, 6, EV 85.0 MPH)
Top of the 5th over - 1 run, 1 hit, 0 errors, 0 left on base; Miami Beach 9 - Kelowna 2
BOTTOM OF THE 5TH
Kelowna Heat batting - Pitching for Miami Beach Marlins : RHP Carlos Guerrero
Batting: RHB Malik Sharpless 0-0: Foul Ball, location: 2F
0-1: Ball
1-1: Called Strike
1-2: Ball
2-2: Ball
3-2: Ground out 5-3 (Groundball, 5S, EV 69.4 MPH)
Batting: RHB Zach Maguire 0-0: Ball
1-0: Ball
2-0: Ground out 5-3 (Groundball, 56S, EV 84.4 MPH)
Batting: RHB Ryan Roberts 0-0: Ball
1-0: Fly out, F6 (Popup, 6D, EV 52.5 MPH)
Bottom of the 5th over - 0 runs, 0 hits, 0 errors, 0 left on base; Miami Beach 9 - Kelowna 2
TOP OF THE 6TH
Miami Beach Marlins batting - Pitching for Kelowna Heat : RHP Jaime Rios
Batting: RHB Melvin Nava 0-0: Called Strike
0-1: Ball
1-1: Ball
2-1: Ball
3-1: Base on Balls
Batting: RHB Rafael Irizarry 0-0: Ball
1-0: Ball
2-0: Ball
3-0: Called Strike
3-1: Fly out, F9 (Flyball, 9, EV 88.1 MPH)
Batting: RHB Terrell Smith 0-0: Ball
1-0: Ball
2-0: Called Strike
2-1: Swinging Strike
2-2: SINGLE (Flyball, 6MD, EV 86.9 MPH)
Melvin Nava to second
Batting: RHB Alberto Bravo 0-0: Foul Ball, location: 2F
0-1: Ball
1-1: Ball
2-1: Ball
Passed Ball!
Melvin Nava to third
Terrell Smith to second
3-1: Foul Ball, location: 2F
3-2: Base on Balls
Pitching: RHP Tsugio Yamaguchi
Batting: RHB Scott Talbot 0-0: Called Strike
0-1: Ball
Passed Ball!
Melvin Nava scores
Terrell Smith to third
Alberto Bravo to second
1-1: Foul Ball, location: 2F
1-2: Ball
2-2: Foul Ball, location: 2F
Balk!
Terrell Smith scores
Alberto Bravo to third
2-2: Ball
3-2: Foul Ball, location: 2F
3-2: SINGLE (Groundball, 6MD, EV 95.0 MPH)
Alberto Bravo scores
Batting: RHB Reomel Somera 0-0: Ball
1-0: Foul Ball, location: 2F
1-1: Ball
2-1: Swinging Strike
2-2: Ball
3-2: Foul Ball, location: 2F
3-2: Foul Ball, location: 2F
3-2: Foul Ball, location: 2F
3-2: Foul Ball, location: 2F
3-2: Fly out, F8 (Flyball, 89M, EV 85.0 MPH)
Batting: RHB Jordan Arcidez 0-0: Ball
1-0: Called Strike
1-1: Foul Ball, location: 2F
1-2: Foul Ball, location: 2F
1-2: Ball
2-2: Fly out, F7 (Flyball, 7D, EV 89.4 MPH)
Top of the 6th over - 3 runs, 2 hits, 0 errors, 1 left on base; Miami Beach 12 - Kelowna 2
BOTTOM OF THE 6TH
Kelowna Heat batting - Pitching for Miami Beach Marlins : RHP Carlos Guerrero
Batting: RHB Tony Harper 0-0: Ball
1-0: Ball
2-0: Called Strike
2-1: Ball
3-1: Foul Ball, location: 2F
3-2: Strikes out swinging
Batting: LHB Chris West 0-0: Ball
1-0: Ball
2-0: Ball
3-0: Called Strike
3-1: Foul Ball, location: 2F
3-2: Strikes out swinging
Batting: RHB Coen Dirks 0-0: Swinging Strike
0-1: Swinging Strike
0-2: Strikes out swinging
Bottom of the 6th over - 0 runs, 0 hits, 0 errors, 0 left on base; Miami Beach 12 - Kelowna 2
TOP OF THE 7TH
Miami Beach Marlins batting - Pitching for Kelowna Heat : RHP Tsugio Yamaguchi
Batting: RHB Mario Cota 0-0: Foul Ball, location: 2F
0-1: Ball
1-1: Called Strike
1-2: Fly out, F9 (Flyball, 89S, EV 77.5 MPH)
Batting: RHB Manny Gonzalez 0-0: Fly out, F9 (Flyball, 89S, EV 89.4 MPH)
Batting: RHB Melvin Nava 0-0: Fly out, F8 (Flyball, 89M, EV 81.9 MPH)
Top of the 7th over - 0 runs, 0 hits, 0 errors, 0 left on base; Miami Beach 12 - Kelowna 2
BOTTOM OF THE 7TH
Kelowna Heat batting - Pitching for Miami Beach Marlins : RHP Carlos Guerrero
Batting: LHB Alex Larangho 0-0: Called Strike
0-1: Called Strike
0-2: Foul Ball, location: 2F
0-2: Strikes out swinging
Batting: LHB Mike Roberts 0-0: Called Strike
0-1: Fly out, F9 (Line Drive, 9LM, EV 94.4 MPH)
Batting: RHB Vinny Torres 0-0: Ball
1-0: Called Strike
1-1: Foul Ball, location: 2F
1-2: Foul Ball, location: 2F
1-2: Ball
2-2: Strikes out swinging, 2-3 out at first.
Bottom of the 7th over - 0 runs, 0 hits, 0 errors, 0 left on base; Miami Beach 12 - Kelowna 2
TOP OF THE 8TH
Miami Beach Marlins batting - Pitching for Kelowna Heat : RHP Tsugio Yamaguchi
Batting: RHB Rafael Irizarry 0-0: Ball
1-0: Fly out, F9 (Flyball, 89M, EV 74.4 MPH)
Batting: RHB Terrell Smith 0-0: Ball
1-0: SINGLE (Line Drive, 8RS, EV 87.5 MPH)
Batting: RHB Alberto Bravo 0-0: Called Strike
0-1: SINGLE (Groundball, 56D, EV 105.0 MPH)
Terrell Smith to second
Batting: RHB Scott Talbot 0-0: Ball
1-0: Swinging Strike
1-1: Ball
2-1: Foul Ball, location: 2F
2-2: Foul Ball, location: 2F
2-2: Foul Ball, location: 2F
2-2: Ball
3-2: Foul Ball, location: 2F
3-2: Foul Ball, location: 2F
3-2: Foul Ball, location: 2F
3-2: Base on Balls
Terrell Smith to third
Alberto Bravo to second
Pitching: LHP Ricky Aguilar
Batting: RHB Reomel Somera 0-0: Ball
1-0: Grounds into double play, 3-6-1 (Groundball, 13, EV 85.0 MPH)
Top of the 8th over - 0 runs, 2 hits, 0 errors, 2 left on base; Miami Beach 12 - Kelowna 2
BOTTOM OF THE 8TH
Kelowna Heat batting - Pitching for Miami Beach Marlins : RHP Carlos Guerrero
Pitching: RHP Jamie Rappoport
Batting: RHB Malik Sharpless 0-0: Ball
1-0: Called Strike
1-1: Ball
2-1: Ground out 6-3 (Groundball, 6, EV 105.6 MPH)
Batting: RHB Zach Maguire 0-0: Called Strike
0-1: Called Strike
0-2: SINGLE (Groundball, 6MD, EV 105.0 MPH)
Batting: RHB Ryan Roberts 0-0: Ball
1-0: Swinging Strike
1-1: SINGLE (Groundball, 4MD, EV 105.6 MPH)
Zach Maguire to second
Pinch Hitting: RHB Pedro Quezada 0-0: Ball
1-0: Foul Ball, location: 2F
1-1: Ball
2-1: 3-RUN HOME RUN (Flyball, 7D, EV 98.8 MPH), Distance : 382 ft
Batting: LHB Chris West 0-0: Ball
1-0: Called Strike
1-1: Foul Ball, location: 2F
1-2: Foul Ball, location: 2F
1-2: SINGLE (Flyball, 56D, EV 93.1 MPH) - OUT at second base trying to stretch hit.
Pitching: LHP Hideo Komatsu
Batting: RHB Coen Dirks 0-0: Called Strike
0-1: Swinging Strike
0-2: Ball
1-2: Ball
2-2: Strikes out looking
Bottom of the 8th over - 3 runs, 4 hits, 0 errors, 0 left on base; Miami Beach 12 - Kelowna 5
TOP OF THE 9TH
Miami Beach Marlins batting - Pitching for Kelowna Heat : LHP Ricky Aguilar
Now at 3B: Pedro Quezada
Batting: RHB Jordan Arcidez 0-0: Ball
1-0: Ball
2-0: Ball
3-0: Base on Balls
Batting: RHB Mario Cota 0-0: Grounds into double play, 1-4-3 (Groundball, P, EV 76.9 MPH)
Batting: RHB Manny Gonzalez 0-0: Called Strike
0-1: Ground out U3 (Groundball, 3, EV 84.4 MPH)
Top of the 9th over - 0 runs, 0 hits, 0 errors, 0 left on base; Miami Beach 12 - Kelowna 5
BOTTOM OF THE 9TH
Kelowna Heat batting - Pitching for Miami Beach Marlins : LHP Hideo Komatsu
Batting: LHB Alex Larangho 0-0: Called Strike
0-1: Ball
1-1: Ball
2-1: Fly out, F8 (Line Drive, 78D, EV 92.5 MPH)
Batting: LHB Mike Roberts 0-0: Ball
1-0: Ball
2-0: Foul Ball, location: 2F
2-1: Foul Ball, location: 2F
2-2: Ground out 4-3 (Groundball, 4, EV 107.5 MPH)
Batting: RHB Vinny Torres 0-0: Called Strike
0-1: Called Strike
0-2: Ground out U3 (Groundball, 3, EV 77.5 MPH)
Bottom of the 9th over - 0 runs, 0 hits, 0 errors, 0 left on base; Miami Beach 12 - Kelowna 5
Tuesday, September 13th , 2022 - OOTP Baseball 23.7 Build 88